 Dungeon Crawl Stone Soup version 0.19-a0-1568-gdd01aac (webtiles) character file.

140 Amnesiac the Digger (level 5, 0/35 HPs)
             Began as a Mummy Earth Elementalist on Sept 15, 2016.
             Slain by Terence
             ... wielding a +0 falchion
              (6 damage)
             ... on level 3 of the Dungeon.
             The game lasted 00:03:08 (1021 turns).

Amnesiac the Digger (Mummy Earth Elementalist)      Turns: 1021, Time: 00:03:09

Health: 0/35       AC:  2    Str: 12    XL:     5   Next: 2%
Magic:  0/8        EV: 12    Int: 15    God:
Gold:   0          SH:  0    Dex: 12    Spells: 2 memorised, 5 levels left

rFire  x . .     SeeInvis .     b - 8 stones
rCold  + . .     Gourm    .     c - +0 robe
rNeg   + + +     Faith    .     (no shield)
rPois  ∞         Spirit   .     (no helmet)
rElec  .         Dismiss  .     (no cloak)
rCorr  .         Reflect  .     (no gloves)
MR     .....     Harm     .     (no boots)
Stlth  ++........               (no amulet)
                                (no ring)
                                (no ring)

@: no status effects
A: no food or potions, fire vulnerability, cold resistance 1, negative energy
resistance 3, torment resistance, unbreathing
a: no special abilities


You were on level 3 of the Dungeon.
You were not hungry.

You visited 1 branch of the dungeon, and saw 4 of its levels.

Inventory:

Missiles
 b - 8 stones (in hand)
Armour
 c - a +0 robe (worn)
Scrolls
 a - a scroll of teleportation {unknown}
Books
 d - a book of Geomancy

   Spells                             Type                      Level
   a - Sandblast                      Earth                        1
   b - Passwall                       Transmutation/Earth          2
   c - Stone Arrow                    Conjuration/Earth            3
   d - Petrify                        Transmutation/Earth          4
   e - Lee's Rapid Deconstruction     Earth                        5


   Skills:
 - Level 1.5 Dodging
 - Level 1.5 Stealth
 + Level 2.0 Spellcasting
 - Level 0.7 Transmutations
 * Level 4.7 Earth Magic


You had 5 spell levels left.
You knew the following spells:

 Your Spells              Type           Power        Failure   Level  Hunger
v - Passwall              Tmut/Erth      #.........   12%         2    N/A
z - Sandblast             Erth           ###...       3%          1    N/A

Dungeon Overview and Level Annotations

Branches:
Dungeon (4/15)
 Temple: D:4-7

Altars:
Dithmenos
Elyvilon
Uskayaw

Annotations:
D:3 Terence


Innate Abilities, Weirdness & Mutations

You do not eat or drink.
Your flesh is vulnerable to fire.
You are immune to poison.
Your flesh is cold resistant. (rC+)
You are immune to negative energy. (rN+++)
You are immune to unholy pain and torment.
You can survive without breathing.


Message History

Terence hits you with a falchion!
* * * LOW HITPOINT WARNING * * *
Terence asks, "Do you want it fast or slow?"
Casting: Sandblast
Confirm with . or Enter, or press ? or * to list all spells.
Aiming: Sandblast
Press: ? - help, Shift-Dir - straight line, f/p - Terence
Aim: Terence, wielding a falchion and wearing a scale mail (almost dead)
The rocky blast hits Terence.
Terence is almost dead.
Terence completely misses you.
Casting: Sandblast
Confirm with . or Enter, or press ? or * to list all spells.
Aiming: Sandblast
Press: ? - help, Shift-Dir - straight line, f/p - Terence
Aim: Terence, wielding a falchion and wearing a scale mail (almost dead)
The rocky blast hits Terence.
Terence is almost dead.
Terence hits you with a falchion.
You die...

### #.# ###########.#
#...........##############
##.########.#............# #.#
#.#.##########.# ###.########.#@#
#.# #............#@######## #.#
###.#.########..........# #.#
.....)÷..<...#..........# #.#
##.##.##...#.#..........# #.#
.#.##......#.###.#......# #.#
.#Y##..#...#.###.#......# #.#
...##..#.........#......###.#####
.#######.........#...............
............................####.


You could see Terence.

Vanquished Creatures
  An ice beast (D:3)
  3 adders
  An orc (D:4)
  3 bats
  A giant cockroach (D:2)
  2 goblins (D:1)
  A hobgoblin (D:3)
  2 jackals (D:3)
  2 kobolds
  3 rats
19 creatures vanquished.

Notes
Turn   | Place    | Note
-------+----------+-------------------------------------------
     0 | D:1      | Amnesiac the Mummy Earth Elementalist began the quest for the Orb.
     0 | D:1      | Reached XP level 1. HP: 13/13 MP: 3/3
   159 | D:2      | Reached skill level 3 in Earth Magic
   159 | D:2      | Reached XP level 2. HP: 19/19 MP: 1/5
   298 | D:2      | Found a shadowy altar of Dithmenos.
   301 | D:2      | Found a hide-covered altar of Uskayaw.
   304 | D:2      | Found a white marble altar of Elyvilon.
   376 | D:2      | Reached XP level 3. HP: 24/24 MP: 2/6
   475 | D:3      | Noticed an ice beast
   582 | D:3      | Killed an ice beast
   582 | D:3      | Reached skill level 4 in Earth Magic
   582 | D:3      | Reached XP level 4. HP: 11/30 MP: 0/7
   653 | D:3      | Learned a level 2 spell: Passwall
   929 | D:3      | Reached XP level 5. HP: 35/35 MP: 6/8
   959 | D:3      | Noticed Terence
  1021 | D:3      | Slain by Terence

Vault maps used:
D:1:      ncdulo_halloftheorcs, wad_floor_pattern_1
D:2:      grunt_temple_overflow_diamond, first_bread
D:3:      uniq_terence
D:4:      uniq_edmund, uniq_pikel, uniq_blork_the_orc, uniq_eustachio

Skill      XL: |  1  2  3 |
---------------+----------+-----
Earth Magic    | 3 4 |  4.7
Dodging        | |  1.5
Stealth        | |  1.5
Spellcasting   | |  2.0
Transmutations | |  0.7

Action                   |  1- 3 |  4- 6 || total
-------------------------+-------+-------++-------
 Cast: Sandblast         |    36 |    19 ||    55
Armor: Robe              |     9 |       ||     9
Dodge: Dodged            |    11 |     3 ||    14
